 Dungeon Crawl Stone Soup version 0.31-a0-986-g5e6e4ef867 (webtiles) character file.

Game seed: 2180734000156650870

138 timneilson the Ruffian (level 5, 0/35 HPs)
             Began as an Octopode Shapeshifter on Nov 12, 2023.
             Slain by an adder (3 damage)
             ... on level 3 of the Dungeon.
             The game lasted 00:03:50 (1670 turns).

timneilson the Ruffian (Octopode Shapeshifter)      Turns: 1670, Time: 00:03:51

Health: 0/35       AC:  1    Str: 15    XL:     5   Next: 21%
Magic:  6/6        EV: 13    Int: 13    God:
Gold:   120        SH:  0    Dex: 11    Spells: 6/6 levels left

rFire   . .          .
                       - Unarmed
rCold   . . .        (no shield)
rNeg    . . .        (helmet currently unavailable)
rPois   .            (no amulet)
rElec   .            (no ring)
rCorr   .            (no ring)
SInv    .            (no ring)
Will    .....        (no ring)
Stlth   ++++         (no ring)
HPRegen 0.25/turn    (no ring)
MPRegen 0.10/turn    (no ring)
                     (no ring)

%: no passive effects
@: beast-form, attractive
A: beast (slay +2), almost no armour, amphibious, 8 rings, camouflage 1,
gelatinous body 1, nimble swimmer 1, tentacles
a: Begin Untransformation


You were on level 3 of the Dungeon.
You were a hulking beast.
You visited 1 branch of the dungeon, and saw 3 of its levels.

You collected 120 gold pieces.

Inventory:

Talismans
 b - a beast talisman
 c - a flux talisman
Scrolls
 d - 2 scrolls of enchant armour
Potions
 a - 3 potions of lignification
 e - a potion of cancellation


   Skills:
 * Level 2.3 Fighting
 * Level 2.8 Dodging
 + Level 1.8 Stealth
 * Level 3.6 Unarmed Combat
 + Level 1.1 Spellcasting
 * Level 3.5 Shapeshifting


You had 6 spell levels left.
You didn't know any spells.
Your spell library contained the following spells:

 Spells                   Type           Power      Damage    Failure   Level
 Foxfire                  Conj/Fire      0%         2x1d4     28%         1
 Slow                     Hex            0%         N/A       28%         1
 Confusing Touch          Hex            0%         N/A       63%         3
 Sigil of Binding         Hex            0%         N/A       63%         3
 Vampiric Draining        Necr           0%         2d6       63%         3
 Plasma Beam              Fire/Air       0%         2x1d10    100%        6
 Starburst                Conj/Fire      0%         6d3       100%        6


Dungeon Overview and Level Annotations

Branches:
Dungeon (3/15)

Altars:
Nemelex Xobeh
Qazlal


Innate Abilities, Weirdness & Mutations

You are a hulking beast.
Your limbs bulge with bestial killing power. (Slay +2)
You cannot wear most types of armour.
You are amphibious.
You can wear up to eight rings at the same time.
Your skin changes colour to match your surroundings (Stealth+).
Your rubbery body absorbs attacks. (AC +1, EV +1)
You are camouflaged when in or above water. (Stealth+)
You have tentacles for arms and can constrict up to eight enemies at once.


Message History

The giant cockroach bites you but does no damage.
The adder bites you.
You release your grip on the giant cockroach.
The adder bites you.
A frilled lizard comes into view.
The adder bites you.
You tentacle-slap the adder. Your grab misses the adder.
Your squeeze misses the adder.
The adder is moderately wounded.
The adder bites you.
You miss the adder. You grab the adder.
The adder is moderately wounded.
You constrict the adder. The adder barely misses you.
You barely miss the adder.
The adder is moderately wounded.
You constrict the adder. The adder bites you.
* * * LOW HITPOINT WARNING * * *
You barely miss the adder. Your squeeze misses the adder.
The adder is heavily wounded.
You constrict the adder. The adder closely misses you. The adder bites you.
* * * LOW HITPOINT WARNING * * *
It was a potion of attraction.
You feel attractive to monsters.
You constrict the adder.
You kill the adder!
You closely miss the giant cockroach. You grab the giant cockroach.
You constrict the giant cockroach. The giant cockroach bites you.
* * * LOW HITPOINT WARNING * * *
Okay, then.
Unknown command.
You barely miss the giant cockroach.
The giant cockroach is moderately wounded.
You constrict the giant cockroach, but do no damage.
The giant cockroach misses you.
You tentacle-slap the giant cockroach.
The giant cockroach is almost dead.
You constrict the giant cockroach.
You kill the giant cockroach!
The adder bites you.
You die...

# # #~#~ ~~# ## #
#l##~##############
#†~###..........#.
#S#~#.............
#h#~#.............
#~###.............
#.##..............
#....[......†.....
####..............
####.............
#................
#...)...#........
#.......#........


You could see an adder and a frilled lizard.

Vanquished Creatures
  3 gnolls (D:2)
  4 adders
  A worm (D:3)
  2 dart slugs
  4 orcs (D:3)
  6 endoplasms
  5 giant cockroaches
  5 hobgoblins
  3 ball pythons
  11 bats
  A frilled lizard (D:1)
  7 goblins
  4 kobolds
  7 rats
63 creatures vanquished.

Notes
Turn   | Place    | Note
-------+----------+-------------------------------------------
     0 | D:1      | timneilson the Octopode Shapeshifter began the quest for
                  | the Orb.
     0 | D:1      | Reached XP level 1. HP: 13/13 MP: 1/1
   199 | D:1      | Reached XP level 2. HP: 18/18 MP: 2/2
   503 | D:2      | Found a stormy altar of Qazlal.
   512 | D:2      | Reached XP level 3. HP: 17/23 MP: 3/3
   608 | D:2      | Reached skill level 1 in Stealth
   934 | D:2      | Reached XP level 4. HP: 29/29 MP: 3/5
  1490 | D:3      | Reached skill level 1 in Spellcasting
  1504 | D:3      | Found a sparkling altar of Nemelex Xobeh.
  1634 | D:3      | Reached XP level 5. HP: 31/34 MP: 6/6
  1670 | D:3      | Slain by an adder

Illustrated notes

Levels and vault maps discovered:
D:1:      wander_arrival_lonely_grave, layout_basic, serial_glass,
          glass_columns_a, glass_columns_c, minmay_misc_feat_tower
D:2:      layout_basic, basic_altar, grunt_decor_cap, minmay_misc_feat_square,
          minmay_split_cup_large
D:3:      layout_rooms, mainiacjoe_overflow_six_doors_small,
          mainiacjoe_sewer_entry_somewhere_in_here_2

Skill      XL: |  1  2  3  4 |
---------------+-------------+-----
Stealth        | 1 |  1.8
Fighting       | 2 |  2.3
Spellcasting   | 1 |  1.1
Dodging        | |  2.8
Unarmed Combat | |  3.6
Shapeshifting  | |  3.5

Action                     |  1- 3 |  4- 6 || total
---------------------------+-------+-------++-------
  Melee: Unarmed           |    64 |    62 ||   126
         Constrict         |    12 |    18 ||    30
         Tentacles         |     7 |    13 ||    20
         Punch             |     2 |     1 ||     3
    Use: Scroll            |     1 |     3 ||     4
         Potion            |       |     1 ||     1
   Stab: Sleeping          |     5 |     7 ||    12
 Armour: Skin              |    34 |    32 ||    66
  Dodge: Dodged            |    43 |    28 ||    71

Table legend: (Time is in decaauts)
 A = Elapsed time spent in this place.
 B = Non-inter-level travel time spent in this place.
 C = Inter-level travel time spent in this place.
 D = Time resting spent in this place.
 E = Time spent auto-exploring this place.
 F = Levels seen in this place.
 G = Mean time per level.
                   A        B        C        D        E       F      G
               +--------+--------+--------+--------+--------+-----+--------+
         Total |   1662 |   1635 |     27 |      0 |   1134 |   3 |  554.0 |
       Dungeon |   1662 |   1635 |     27 |      0 |   1134 |   3 |  554.0 |
               +--------+--------+--------+--------+--------+-----+--------+

Top non-repeatable levels by time:
     D:2: 892 daAuts
     D:1: 489 daAuts
     D:3: 280 daAuts
